 Dungeon Crawl Stone Soup version 0.28-a0-565-g7719699 (webtiles) character file.

Game seed: 7404770981078140033

2089 Sixotanaka the Carver (level 9, -4/61 HPs)
             Began as a Merfolk Gladiator on Sept 30, 2021.
             Was a Follower of Okawaru.
             Slain by Duvessa (14 damage)
             ... on level 6 of the Dungeon.
             The game lasted 00:19:59 (9414 turns).

Sixotanaka the Carver (Merfolk Gladiator)           Turns: 9414, Time: 00:19:59

Health: -4/61      AC:  9    Str: 15    XL:     9   Next: 27%
Magic:  11/11      EV: 10    Int:  8    God:    Okawaru [*.....]
Gold:   303        SH: 10    Dex: 17    Spells: 8/8 levels left

rFire   . . .      SeeInvis .   a - +0 long sword
rCold   + . .      Faith    .   w - +0 kite shield
rNeg    . . .      Spirit   .   p - +0 ring mail
rPois   .          Reflect  .   c - +1 helmet
rElec   .          Harm     .   (no cloak)
rCorr   +          Rampage  .   (no gloves)
Will    .....                   B - +1 pair of boots
Stlth   +.........              (no amulet)
HPRegen 0.20/turn               e - ring of protection from cold
MPRegen 0.12/turn               y - ring of resist corrosion

@: no status effects
A: (nimble swimmer 2), mertail
a: Renounce Religion, Heroism


You were on level 6 of the Dungeon.
You worshipped Okawaru.
Okawaru was aware of your devotion.
You visited 2 branches of the dungeon, and saw 7 of its levels.

You collected 303 gold pieces.

Inventory:

Hand Weapons
 a - a +0 long sword (weapon)
 j - a +0 dagger
Missiles
 d - a throwing net (quivered)
Armour
 c - a +1 helmet (worn)
 p - a +0 ring mail (worn)
 w - a +0 kite shield (worn)
 B - a +1 pair of boots (worn)
Jewellery
 e - a ring of protection from cold (left hand)
 y - a ring of resist corrosion (right hand)
Wands
 u - a wand of charming (8)
 x - a wand of acid (7)
Scrolls
 g - a scroll of vulnerability {unknown}
 h - a scroll of noise {unknown}
 m - a scroll of amnesia {unknown}
 q - a scroll of magic mapping {unknown}
 r - a scroll of enchant armour
 s - 2 scrolls of holy word {unknown}
 v - a scroll of acquirement {unknown}
 z - a scroll of immolation {unknown}
 D - a scroll of enchant weapon {unknown}
Potions
 b - a potion of ambrosia {unknown}
 f - 5 potions of curing {unknown}
 i - 5 potions of heal wounds {unknown}
 k - a potion of flight
 l - a potion of might {unknown}
 n - a potion of brilliance {unknown}
 o - a potion of invisibility {unknown}
 t - a potion of attraction {unknown}
 A - a potion of haste {unknown}
 C - a potion of mutation {unknown}
 E - a potion of degeneration {unknown}


   Skills:
 - Level 2.1 Fighting
 * Level 11.6 Long Blades
 - Level 2.0 Throwing
 - Level 4.0 Dodging
 + Level 5.0 Shields
 + Level 3.2 Invocations


You had 8 spell levels left.
You didn't know any spells.
Your spell library contained the following spells:

 Spells                   Type           Power      Damage    Failure   Level
 Gell's Gravitas          Tloc           0%         N/A       100%        3
 Lesser Beckoning         Tloc           0%         N/A       100%        3
 Teleport Other           Tloc           0%         N/A       100%        3
 Blade Hands              Tmut           0%         N/A       100%        5
 Irradiate                Conj/Tmut      0%         3d13      100%        5
 Dragon Form              Tmut           0%         N/A       100%        7


Dungeon Overview and Level Annotations

Branches:
Dungeon (6/15)             Temple (1/1) D:5

Altars:
Elyvilon
Fedhas
Gozag
Hepliaklqana
Kikubaaqudgha
Makhleb
Nemelex Xobeh
Okawaru
Qazlal
Sif Muna
Trog
Uskayaw
Wu Jian
Xom
The Shining One

Annotations:
D:6 Duvessa


Innate Abilities, Weirdness & Mutations

((You are quick and stealthy near water. (Stealth+, EV+, Speed+++)))
Your lower body shifts to a powerful aquatic tail in water.


Message History

a +0 dagger; a +0 robe; the elf corpse of Dowan You start resting.
HP restored.
Things that are here:
a +0 dagger; a +0 robe; the elf corpse of Dowan
Found a stone staircase leading down.
Duvessa shouts!
Duvessa goes berserk!
A jelly comes into view.
Duvessa rages.
Duvessa rages.
Duvessa rages.
Things that are here:
a +0 dagger; a +0 robe; the elf corpse of Dowan Duvessa rages.
You hit Duvessa but do no damage. You block Duvessa's attack.
You slash Duvessa!
Duvessa is lightly wounded.
You block Duvessa's attack. x2
You closely miss Duvessa.
Duvessa is lightly wounded.
Duvessa hits you with a +0 rapier of protection!
The jelly jiggles.
Duvessa hits you with a +0 rapier of protection!!
You hit Duvessa.
Duvessa is lightly wounded.
Duvessa hits you with a +0 rapier of protection.
You hit Duvessa.
Duvessa is moderately wounded.
Duvessa hits you with a +0 rapier of protection.
You block Duvessa's attack.
You hit Duvessa but do no damage.
Duvessa is moderately wounded.
You block Duvessa's attack.
You hit Duvessa but do no damage.
Duvessa is moderately wounded.
Duvessa hits you with a +0 rapier of protection!
* * * LOW HITPOINT WARNING * * *
Duvessa hits you with a +0 rapier of protection!
You die...

..##...#...#
##............# #.>
#..e####⌠.....)......#
###
#...)..##............#
######.##...##8###8###
#.##...#### ###
#.#8...8# #J##...##
#e##...# #@##...##
#.#8...8# #.##...##
#......# ########


You could see Duvessa (berserk) and a jelly.

Vanquished Creatures
  A kobold demonologist (D:5)
  Sigmund (D:2)
  A sky beast (D:5)
  2 ogres
  A phantom (D:6)
  A kobold brigand (D:6)
  A wyvern zombie (D:5)
  A bullfrog (D:5)
  3 scorpions
  A gnoll sergeant (D:4)
  Dowan (D:6)
  2 water moccasin skeletons
  2 centaur zombies
  A bullfrog skeleton (D:5)
  A bullfrog zombie (D:5)
  3 hounds
  A centaur skeleton (D:6)
  5 iguanas
  3 orc wizards
  A hound skeleton (D:4)
  A howler monkey zombie (D:6)
  Robin (D:2)
  11 gnolls
  4 adders
  2 white imps (D:5)
  2 worms
  5 dart slugs
  14 orcs
  5 ball pythons
  6 endoplasms
  6 giant cockroaches
  11 goblins
  13 hobgoblins
  10 jackals
  11 kobolds
  A quokka (D:2)
  2 bats
  3 frilled lizards (D:2)
  8 rats
149 creatures vanquished.

Vanquished Creatures (others)
  9 plants (D:6)
9 creatures vanquished.

Grand Total: 158 creatures vanquished

Notes
Turn   | Place    | Note
-------+----------+-------------------------------------------
     0 | D:1      | Sixotanaka the Merfolk Gladiator began the quest for the
                  | Orb.
     0 | D:1      | Reached XP level 1. HP: 16/16 MP: 1/1
   190 | D:1      | Reached XP level 2. HP: 22/22 MP: 2/2
   223 | D:1      | Reached skill level 4 in Long Blades
   558 | D:1      | Reached XP level 3. HP: 27/27 MP: 3/3
   717 | D:1      | Found a faded altar of an unknown god.
   837 | D:2      | Noticed Robin
   867 | D:2      | Killed Robin
   868 | D:2      | Reached skill level 5 in Long Blades
  1021 | D:2      | Reached XP level 4. HP: 21/33 MP: 4/4
  1133 | D:2      | Noticed Sigmund
  1572 | D:2      | Killed Sigmund
  1573 | D:2      | Reached skill level 7 in Long Blades
  1573 | D:2      | Reached XP level 5. HP: 11/38 MP: 5/5
  1573 | D:2      | Reached XP level 6. HP: 12/44 MP: 6/6
  2523 | D:3      | Found an ancient bone altar of Kikubaaqudgha.
  2879 | D:3      | Found a hide-covered altar of Uskayaw.
  3243 | D:3      | Reached skill level 8 in Long Blades
  4196 | D:4      | Reached XP level 7. HP: 47/50 MP: 7/7
  4679 | D:4      | Reached skill level 9 in Long Blades
  4921 | D:4      | Reached skill level 1 in Shields
  5110 | D:4      | Found a glowing golden altar of the Shining One.
  5401 | D:5      | Entered Level 5 of the Dungeon
  5428 | D:4      | Reached XP level 8. HP: 32/56 MP: 8/8
  6124 | D:5      | Reached skill level 10 in Long Blades
  6909 | D:5      | Found a staircase to the Ecumenical Temple.
  6915 | Temple   | Entered the Ecumenical Temple
  6958 | Temple   | Became a worshipper of Warmaster Okawaru
  7834 | D:6      | Noticed a kobold demonologist
  7893 | D:6      | Noticed Duvessa
  7893 | D:6      | Noticed Dowan
  8002 | D:5      | Reached skill level 1 in Invocations
  8124 | D:5      | Noticed a red devil
  8125 | D:5      | Noticed a ynoxinul
  8381 | D:5      | Noticed a hellwing
  8385 | D:5      | Noticed a red devil
  8386 | D:5      | Killed a kobold demonologist
  8387 | D:5      | Reached skill level 11 in Long Blades
  8387 | D:5      | Reached XP level 9. HP: 47/61 MP: 10/10
  8793 | D:5      | HP: 2/61 [iguana (7)]
  9104 | D:5      | Reached * piety under Okawaru
  9368 | D:6      | Killed Dowan
  9369 | D:6      | Reached skill level 5 in Shields
  9414 | D:6      | Slain by Duvessa

Illustrated notes

Levels and vault maps discovered:
D:1:      heliophobic_arrival_dark_side_of_the_moon, layout_basic,
          hellmonk_ecumenical_altar_leap_of_faith, minmay_strange_pillars,
          minmay_pentomino_v4
D:2:      layout_basic, minmay_fountain_box, uniq_sigmund, uniq_robin
D:3:      layout_basic, lemuel_round_altar, nicolae_kikubaaqudgha_miasma_corner
D:4:      layout_rooms, nicolae_overflow_hidden_temple, grunt_decor_cap
D:5:      layout_layer_cave, minmay_temple_entry_enclosed_plants
D:6:      layout_cave_pools, serial_bayou, serial_bayou_pond_b,
          serial_bayou_pond_b, serial_bayou_pond_d, serial_bayou_pond_b,
          corexii_hall_statues_t, minmay_fractal_squares_5, uniq_duvessa,
          uniq_crazy_yiuf_cottage, uniq_menkaure
Temple:   eino_narrow_crystal_temple

Skill      XL: |  1  2  3  4  5  6  7  8  9 |
---------------+----------------------------+-----
Long Blades    | 4 5 7 8 9 11 | 11.6
Shields        | 1 4 5 |  5.0
Invocations    | 2 3 |  3.2
Fighting       | |  2.1
Throwing       | |  2.0
Dodging        | |  4.0

Action                   |  1- 3 |  4- 6 |  7- 9 || total
-------------------------+-------+-------+-------++-------
Melee: Long sword        |    76 |   194 |   347 ||   617
       Tailslap          |       |       |     5 ||     5
Throw: Throwing net      |       |     3 |     6 ||     9
  Use: Potion            |       |     1 |       ||     1
       Scroll            |       |       |     3 ||     3
 Stab: Sleeping          |     2 |     2 |       ||     4
       Distracted        |     1 |       |       ||     1
       Held in net/web   |       |       |     3 ||     3
Armor: Leather armour    |    19 |    26 |       ||    45
       Ring mail         |       |    19 |   142 ||   161
Dodge: Dodged            |    52 |   121 |   123 ||   296
Block: Kite shield       |       |       |   133 ||   133

Table legend: (Time is in decaauts)
 A = Elapsed time spent in this place.
 B = Non-inter-level travel time spent in this place.
 C = Inter-level travel time spent in this place.
 D = Time resting spent in this place.
 E = Time spent auto-exploring this place.
 F = Levels seen in this place.
 G = Mean time per level.
                   A        B        C        D        E       F      G
               +--------+--------+--------+--------+--------+-----+--------+
         Total |   9475 |   8940 |    535 |   3457 |   3865 |   7 | 1353.6 |
       Dungeon |   9416 |   8895 |    521 |   3457 |   3831 |   6 | 1569.3 |
        Temple |     58 |     44 |     14 |      0 |     34 |   1 |   58.0 |
               +--------+--------+--------+--------+--------+-----+--------+

Top non-repeatable levels by time:
     D:5: 3216 daAuts
     D:3: 2171 daAuts
     D:4: 1434 daAuts
     D:2: 1339 daAuts
     D:1: 791 daAuts
     D:6: 462 daAuts
  Temple: 58 daAuts
